Map: Cosmic Sapphire

Players

MeNaS - Winner!

  • Race: Terran Terran
  • League: Diamond
  • Spawn Location: 5:00

Wes

  • Race: Protoss Protoss
  • League: Platinum
  • Spawn Location: 11:00

VOD

Have the link to the VOD?

Description

Saw the 3 rax early, my cyber core was a little late, wasn't even close to surviving.

Time

  • Played on: Sept. 5, 2022, 1:24 p.m.
  • Length: 3:45
Show
View Real Time Build Order
Export as new Build Order

MeNaS Terran - Winner!

Build Orders:  

Get SALT Encoding   

  12  0:10  Supply Depot  
  12  0:13  SCV  
  13  0:25  SCV  
  14  0:38  Barracks  
  14  0:54  Barracks  
  14  1:06  Barracks  
  14  1:12  SCV  
  15  1:24  Supply Depot, SCV  
  16  1:30  Marine  
  17  1:39  Bunker  
  17  1:44  Marine  
  18  1:49  Marine  
  19  1:57  Marine  
  20  2:02  Marine  
  20  2:07  Bunker  
  21  2:16  Bunker  
  21  2:20  Bunker  
  21  2:25  Marine  
  21  2:27  Marine  
  23  2:32  Marine  
  23  3:00  Marine  
  23  3:01  Marine x2  
  26  3:18  Marine x2  
  26  3:19  Bunker, Marine  
  29  3:35  Bunker  
Show
View Real Time Build Order
Export as new Build Order

Wes Protoss 

Build Orders:  

Get SALT Encoding   

  12  0:00  Probe  
  13  0:12  Probe  
  14  0:19  Pylon  
  14  0:30  Probe (Chrono Boost)  
  15  0:38  Gateway  
  15  0:40  Probe (Chrono Boost)  
  16  0:46  Probe  
  17  0:50  Assimilator  
  17  1:03  Gateway  
  17  1:05  Probe (Chrono Boost)  
  18  1:17  Gateway  
  19  1:20  Probe (Chrono Boost)  
  19  1:32  Cybernetics Core  
  19  1:41  Gateway  
  19  1:45  Probe, Pylon  
  20  1:58  Probe  
  21  2:08  Stalker (Chrono Boost)  
  21  2:10  Probe  
  21  2:13  Assimilator  
  24  2:20  Shield Battery  
  24  2:22  Probe  
  27  2:30  Adept (Chrono Boost)  
  27  2:34  Probe, Adept (Chrono Boost)  
  23  2:46  Probe  
  22  2:58  Probe  
  22  3:03  Stalker (Chrono Boost)  
  24  3:10  Probe  
  27  3:22  Probe  
Tags
 
Add a new tag
Caveats
  • Supply blocks, unpowered buildings, or Contaminate may cause inaccurate times.
  • Supply counts are checked every 10 seconds.